 Dungeon Crawl Stone Soup version 0.30-a0-304-gdc4b735fe1 (webtiles) character file.

Game seed: 2234681587555107925

50 Iusername the Shield-Bearer (level 3, -2/33 HPs)
             Began as a Minotaur Fighter on Oct 20, 2022.
             Was a High Priest of Ignis.
             Slain by an orc
             ... wielding a +0 morningstar
              (8 damage)
             ... on level 3 of the Dungeon.
             The game lasted 00:02:14 (2000 turns).

Iusername the Shield-Bearer (Minotaur Fighter)      Turns: 2000, Time: 00:02:14

Health: -2/33      AC: 11    Str: 22    XL:     3   Next: 55%
Magic:  2/2        EV:  6    Int:  5    God:    Ignis [*****.]
Gold:   121        SH:  4    Dex:  9    Spells: 2/2 levels left

rFire   + . .      SeeInvis .    a - +0 war axe
rCold   . . .      Faith    .    c - +0 buckler
rNeg    . . .      Spirit   .    f - +0 plate armour
rPois   .          Reflect  .    (helmet restricted)
rElec   .          Harm     .    k - scarf {repulsion}
rCorr   .          Rampage  .    (no gloves)
Will    .....                    (no boots)
Stlth   ..........               (no amulet)
HPRegen 0.25/turn                (no ring)
MPRegen 0.08/turn                (no ring)

@: repel missiles
A: horns 2, retaliatory headbutt
a: Renounce Religion, Fiery Armour, Foxfire Swarm, Rising Flame


You were on level 3 of the Dungeon.
You worshipped Ignis.
Ignis was extremely pleased with you.
You visited 1 branch of the dungeon, and saw 3 of its levels.

You collected 121 gold pieces.

Inventory:

Hand Weapons
 a - a +0 war axe (weapon)
Armour
 b - a +0 scale mail
 c - a +0 buckler (worn)
 f - a +0 plate armour (worn)
 k - a scarf of repulsion (worn)
Jewellery
 m - a ring of protection from cold
Scrolls
 e - a scroll of summoning {unknown}
 g - 5 scrolls of identify {unknown}
 n - a scroll of magic mapping {unknown}
 p - a scroll of enchant weapon {unknown}
 q - a scroll of immolation {unknown}
 r - a scroll of poison {unknown}
Potions
 d - a potion of might
 h - a potion of curing {unknown}
 i - a potion of berserk rage {unknown}
 j - 4 potions of haste {unknown}
 l - a potion of brilliance {unknown}
 o - a potion of mutation {unknown}


   Skills:
 + Level 4.2 Fighting
 + Level 3.2 Axes
 + Level 4.1 Armour
 + Level 4.2 Shields


You had 2 spell levels left.
You didn't know any spells.
Your spell library contained the following spells:

 Spells                   Type           Power      Damage    Failure   Level
 Freeze                   Ice            0%         1d3       100%        1
 Sandblast                Erth           0%         2d4       100%        1
 Passwall                 Tmut/Erth      0%         N/A       100%        2
 Sublimation of Blood     Necr           0%         N/A       100%        2
 Frozen Ramparts          Ice            0%         1d1       100%        3
 Hailstorm                Conj/Ice       0%         3d3       100%        3
 Stone Arrow              Conj/Erth      0%         3d7       100%        3
 Petrify                  Tmut/Erth      0%         N/A       100%        4
 Irradiate                Conj/Tmut      0%         3d11      100%        5


Dungeon Overview and Level Annotations

Branches:
Dungeon (3/15)

Altars:
Uskayaw
Ignis


Innate Abilities, Weirdness & Mutations

You have a pair of horns on your head.
You reflexively headbutt those who attack you in melee.


Message History

There is a large open door here.
An endoplasm comes into view.
An orc and an endoplasm come into view.
Found a scroll labelled KYSHRU VODAKO and 6 stones.
The orc shouts!
The endoplasm quivers. x2
There are monsters nearby!
There are monsters nearby!
There are monsters nearby!
You hit the orc.
The orc is heavily wounded.
You hit the endoplasm. You block the orc's attack. The endoplasm freezes you.
You are frozen.
The endoplasm freezes you.
You are frozen.
The orc hits you with a +0 morningstar.
Unknown command.
You completely miss the orc. Your headbutt misses the orc.
The orc is heavily wounded.
You hit the endoplasm.
You kill the endoplasm!
The orc hits you with a +0 morningstar.
Unknown command.
You hit the orc but do no damage.
The orc is heavily wounded.
You hit the endoplasm.
You kill the endoplasm!
The orc hits you with a +0 morningstar.
You hit the orc. You headbutt the orc.
The orc is almost dead.
The orc hits you with a +0 morningstar. The orc hits you with a +0 morningstar!
* * * LOW HITPOINT WARNING * * *
Unknown command.
You are too injured to fight recklessly!
Unknown command.
You are too injured to fight recklessly!
You closely miss the orc. Your headbutt misses the orc.
The orc is almost dead.
The orc hits you with a +0 morningstar!
You die...

.≈.....#
##.....~..P~..~P
.≈#.####
≈≈§§≈≈§≈##............~
≈≈..#
§§≈≈≈§§§§≈##.#.##.#.....
...##
§≈§≈≈≈≈≈§§≈###.##.#.#.##
###
≈≈§§§§≈§§≈§≈##.##.....##
≈≈≈≈§≈≈≈§≈§≈≈#.####.#...
≈≈≈≈§≈§≈≈§≈≈≈#.# #.#.#.
§≈≈..≈§§≈≈≈≈≈#.####.#.#.
≈§§≈≈.o@.....'......#.#.
§≈?§≈........'.#.....÷..
§≈§..≈≈≈≈≈≈≈§###.....##.
≈§≈§≈≈§≈≈§≈≈≈# #.....##+
≈≈≈≈§§≈§≈≈≈≈§# #........
≈≈≈≈§§≈≈≈≈≈≈## #........
≈≈≈§≈§≈≈≈≈≈## #........
§≈≈≈≈§≈§§≈######........
≈≈≈§≈§≈##....'........


You could see an orc.

Vanquished Creatures
  An adder (D:2)
  A worm (D:2)
  A dart slug (D:1)
  An orc (D:3)
  5 endoplasms
  2 giant cockroaches
  4 hobgoblins
  A kobold (D:3)
  4 ball pythons
  2 frilled lizards
  5 goblins
  6 rats
33 creatures vanquished.

Vanquished Creatures (others)
  10 plants
10 creatures vanquished.

Grand Total: 43 creatures vanquished

Notes
Turn   | Place    | Note
-------+----------+-------------------------------------------
     0 | D:1      | Iusername the Minotaur Fighter began the quest for the Orb.
     0 | D:1      | Reached XP level 1. HP: 19/19 MP: 0/0
   184 | D:1      | Found a faded altar of an unknown god.
   216 | D:1      | Reached XP level 2. HP: 27/27 MP: 1/1
   238 | D:1      | Prayed at the altar of an unknown god.
   238 | D:1      | Became a worshipper of Ignis, the Dying Flame
  1364 | D:2      | Reached XP level 3. HP: 18/33 MP: 2/2
  1770 | D:3      | Noticed a +0 falchion
  1771 | D:3      | Noticed a +0 spear
  1771 | D:3      | Noticed a +0 spear
  1772 | D:3      | Noticed a +0 dagger
  1772 | D:3      | Noticed a +0 dagger
  1772 | D:3      | Noticed a +0 short sword
  1772 | D:3      | Noticed a +0 short sword
  1773 | D:3      | Noticed a +0 falchion
  1780 | D:3      | Found a hide-covered altar of Uskayaw.
  2000 | D:3      | Slain by an orc

Illustrated notes

Levels and vault maps discovered:
D:1:      dpeg_arrival_line_fractal, layout_basic,
          shapermc_ecumenical_altar_pompeii
D:2:      layout_rooms, serial_bayou_ford_a
D:3:      kennysheep_big_flooded_room, layout_basic, nicolae_uskayaw_en_pointe,
          chequers_big_river, minmay_misc_feat_four_crosses, grunt_ministairs_3,
          chequers_serial_rivers_micro_d

Skill      XL: |  1  2 |
---------------+-------+-----
Shields        | 4 |  4.2
Fighting       | 4 |  4.2
Armour         | 4 |  4.1
Axes           | 3 |  3.2

Action                   || total
-------------------------++-------
Melee: War axe           ||    89
       Headbutt          ||    10
Armor: Plate armour      ||    46
Dodge: Dodged            ||    23
Block: Buckler           ||    13

Table legend: (Time is in decaauts)
 A = Elapsed time spent in this place.
 B = Non-inter-level travel time spent in this place.
 C = Inter-level travel time spent in this place.
 D = Time resting spent in this place.
 E = Time spent auto-exploring this place.
 F = Levels seen in this place.
 G = Mean time per level.
                   A        B        C        D        E       F      G
               +--------+--------+--------+--------+--------+-----+--------+
         Total |   2044 |   1963 |     81 |    259 |   1390 |   3 |  681.3 |
       Dungeon |   2044 |   1963 |     81 |    259 |   1390 |   3 |  681.3 |
               +--------+--------+--------+--------+--------+-----+--------+

Top non-repeatable levels by time:
     D:1: 881 daAuts
     D:2: 817 daAuts
     D:3: 345 daAuts
